 Dungeon Crawl Stone Soup version 0.18.1-48-g4cf74bf (webtiles) character file.

19518 nikopol the Cleaver (level 12, -7/162 HPs)
             Began as a Minotaur Berserker on Aug 13, 2016.
             Was a High Priest of Trog.
             Mangled by a ten-headed hydra (8 damage)
             ... on level 4 of the Lair of Beasts.
             The game lasted 00:35:53 (12568 turns).

nikopol the Cleaver (Minotaur Berserker)           Turns: 12568, Time: 00:35:54

Health: -7/162     AC: 13    Str: 30    XL:     12   Next: 37%
Magic:  11/11      EV: 16    Int:  4    God:    Trog [*****.]
Gold:   924        SH:  0    Dex: 10    Spells: 0 memorised, 11 levels left

rFire  . . .     SeeInvis .     a - +2 war axe (venom)
rCold  . . .     Gourm    .     w - +3 leather armour of the Bull {rPois Str+2 Dex-4}
rNeg   . . .     Faith    .     (no shield)
rPois  +         Spirit   .     (helmet restricted)
rElec  .         Dismiss  .     (no cloak)
rCorr  .         Reflect  .     e - +2 pair of gloves
SustAt .         Harm     .     R - +1 pair of boots
MR     .....                    (no amulet)
Stlth  ..........               (no ring)
                                i - +2 ring of slaying

@: berserking, very quick, not resistant to hostile enchantments, extremely
unstealthy
A: retaliatory headbutt, horns 2
a: Berserk, Trog's Hand, Brothers in Arms, Burn Spellbooks, Renounce Religion


You were on level 4 of the Lair of Beasts.
You worshipped Trog.
Trog was extremely pleased with you.
You were very hungry.

You visited 2 branches of the dungeon, and saw 12 of its levels.
You also visited: Ossuary.

You collected 924 gold pieces.

Inventory:

Hand Weapons
 a - a +2 war axe of venom (weapon)
 b - a +0 shortbow
 z - a +5 shortbow of flaming
 P - a +3 longbow of evasion
Missiles
 B - 100 arrows (quivered)
Armour
 e - a +2 pair of gloves (worn)
 w - the +3 leather armour of the Bull (worn) {rPois Str+2 Dex-4}
   (You found it on level 7 of the Dungeon)

   It affects your strength (+2).
   It affects your dexterity (-4).
   It protects you from poison.
 F - a +1 pair of boots
 I - a +3 ring mail
 O - a +0 pair of gloves
 R - a +1 pair of boots (worn)
Rods
 Q - a -3 rod of ignition (13/13)
   (You found it on level 3 of the Lair of Beasts)
Jewellery
 i - a +2 ring of slaying (left hand)
Wands
 A - a wand of enslavement (8/24)
 G - a wand of flame (19/48)
Scrolls
 f - 7 scrolls of remove curse
 h - 20 scrolls of identify
 m - 8 scrolls of teleportation
 o - 2 scrolls of enchant armour
 s - 3 scrolls of enchant weapon
 v - 2 scrolls of fog {unknown}
 y - 3 scrolls of random uselessness {unknown}
 K - a scroll of summoning {unknown}
 M - 3 scrolls of noise {unknown}
Potions
 d - 3 potions of brilliance {unknown}
 j - 4 potions of might {unknown}
 k - 4 potions of heal wounds {unknown}
 l - 2 potions of invisibility {unknown}
 n - a potion of magic {unknown}
 p - a potion of agility {unknown}
 q - 4 potions of curing
 r - 4 potions of lignification {unknown}
 u - a potion of cure mutation {unknown}
 x - 4 potions of mutation {unknown}
 C - 2 potions of haste {unknown}
 D - a potion of berserk rage {unknown}
 E - 3 potions of flight {unknown}
 H - 2 potions of ambrosia {unknown}
 J - 3 potions of cancellation {unknown}
 L - a potion of resistance {unknown}
 N - 3 potions of degeneration {unknown}
Comestibles
 c - 9 bread rations
 g - 7 meat rations
 t - 35 fruits


   Skills:
 + Level 10.9 Fighting
 * Level 13.2 Axes
 * Level 9.1 Bows
 + Level 11.0 Armour
 + Level 10.2 Dodging


You had 11 spell levels left.
You didn't know any spells.

Dungeon Overview and Level Annotations

Branches:
Dungeon (8/15)             Temple (0/1) D:5            Lair (4/8) D:8
 Spider (0/4) Lair:3
  Swamp: Lair:3-6    Shoals: Lair:3-6

Altars:
Cheibriados
Dithmenos
Fedhas
Makhleb
Okawaru
Pakellas
Qazlal
Sif Muna
Yredelemnul
The Shining One

Shops:
D:4 (


Innate Abilities, Weirdness & Mutations

You reflexively headbutt those who attack you in melee.
You have a pair of horns on your head.


Message History

You are feeling hungry.
The ten-headed hydra bites you. x2; The ten-headed hydra bites you!
The ten-headed hydra bites you.
The ten-headed hydra closely misses you.
The ten-headed hydra bites you.
* * * LOW HITPOINT WARNING * * *
The ten-headed hydra bites you but does no damage.
The ten-headed hydra bites you!
* * * LOW HITPOINT WARNING * * *
The ten-headed hydra bites you.
* * * LOW HITPOINT WARNING * * *
The ten-headed hydra bites you!
* * * LOW HITPOINT WARNING * * *
Mmm - a full handful of bilberries!
A red film seems to cover your vision as you go berserk!
You feel yourself moving faster!
You feel mighty!
You are feeling very hungry.
The ten-headed hydra barely misses you. You furiously retaliate!
You headbutt the ten-headed hydra! The ten-headed hydra bites you!
You die...

##...# ..)(##
...(.# ...(.
#.(. # #(. . #D#
##. ##@### #..#
###.#..##
#..###..#.P.....
#............###
#...<....((###
#.....##....#
#.>...# ..<#..
#P...#. .......
##.#.......####


You could see a ten-headed hydra.

Vanquished Creatures
  Gastronok (D:8)
  The ghost of nikopol the Cleaver, a journeyman MiBe of Trog (Lair:4)
  2 hydras
  A queen ant (Lair:2)
  The ghost of Galewind the Destroyer, a novice DECj of Vehumet (D:8)
  6 elephants (Lair:2)
  3 spiny frogs
  2 komodo dragons (Lair:2)
  The ghost of dvd the Twirler, a novice GrGl of Makhleb (D:5)
  9 blink frogs
  A redback (Lair:3)
  15 yaks
  A hippogriff (Lair:2)
  6 soldier ants (Lair:2)
  7 water moccasins
  7 porcupines
  6 orc warriors
  A sky beast (D:5)
  A black bear (D:6)
  3 ogres
  A phantom (D:8)
  2 centaurs (D:5)
  2 crocodiles (Lair:2)
  2 elf zombies (Ossuary)
  5 big kobolds
  6 giant frogs
  A scorpion (D:7)
  4 killer bees (D:7)
  5 crimson imps
  A quasit (D:8)
  A giant frog zombie (D:7)
  5 jellies
  4 orc priests
  7 hounds
  9 orc wizards
  A giant frog skeleton (D:8)
  3 iguanas
  26 worker ants
  A big kobold zombie (Ossuary)
  2 hound skeletons
  4 mummies (Ossuary)
  6 gnolls
  A howler monkey skeleton (D:4)
  10 adders
  29 river rats
  A shadow imp (D:5)
  An adder zombie (Ossuary)
  An adder skeleton (D:5)
  3 worms
  3 dart slugs (D:2)
  6 giant geckos
  36 orcs
  13 bats
  5 giant cockroaches
  2 gnoll zombies (Ossuary)
  5 goblins
  14 hobgoblins
  9 jackals
  45 kobolds
  A quokka (D:2)
  2 ball pythons
  A giant gecko skeleton (D:4)
  2 giant gecko zombies (D:5)
  9 giant newts
  A goblin zombie (Ossuary)
  2 jackal zombies
  2 kobold zombies (Ossuary)
  2 orc zombies (Ossuary)
  17 rats
  A rat zombie (Ossuary)
  A spectral orc (D:2)
  6 fungi
  A plant (D:8)
405 creatures vanquished.

Vanquished Creatures (others)
  2 fungi
  A plant (Lair:2)
3 creatures vanquished.

Grand Total: 408 creatures vanquished

Notes
Turn   | Place    | Note
--------------------------------------------------------------
     0 | D:1      | nikopol the Minotaur Berserker began the quest for the Orb.
     0 | D:1      | Reached XP level 1. HP: 19/19 MP: 0/0
    62 | D:1      | Reached XP level 2. HP: 12/27 MP: 1/1
    63 | D:1      | Reached skill level 4 in Axes
   160 | D:1      | Reached XP level 3. HP: 14/33 MP: 2/2
   486 | D:1      | Reached ** piety under Trog
   891 | D:2      | Reached XP level 4. HP: 26/40 MP: 3/3
   939 | D:2      | Found a burning altar of Makhleb.
  1288 | D:2      | Found a basalt altar of Yredelemnul.
  1358 | D:2      | Found a snail-covered altar of Cheibriados.
  1582 | D:2      | Noticed a fire elemental
  1583 | D:2      | Found a stormy altar of Qazlal.
  1585 | D:2      | Noticed an air elemental
  1585 | D:2      | Noticed an earth elemental
  1585 | D:2      | Noticed a water elemental
  1919 | D:3      | Reached XP level 5. HP: 47/47 MP: 4/4
  2219 | D:3      | Reached *** piety under Trog
  2222 | D:3      | Found a shadowy altar of Dithmenos.
  2226 | D:3      | Found an iron altar of Okawaru.
  2230 | D:3      | Found a glowing golden altar of the Shining One.
  2642 | D:4      | Found a sand-covered staircase.
  2650 | Ossuary  | Entered an ossuary
  2665 | Ossuary  | Reached skill level 5 in Fighting
  2665 | Ossuary  | Reached skill level 5 in Axes
  2665 | Ossuary  | Reached XP level 6. HP: 56/56 MP: 5/5
  2669 | Ossuary  | Reached skill level 5 in Armour
  3378 | D:4      | Reached XP level 7. HP: 61/61 MP: 6/6
  3416 | D:4      | Found Fod Cem's Weapon Shop.
  3686 | D:5      | Entered Level 5 of the Dungeon
  3728 | D:5      | Reached skill level 6 in Axes
  3737 | D:5      | Reached **** piety under Trog
  3803 | D:5      | Found a staircase to the Ecumenical Temple.
  3940 | D:5      | Reached skill level 5 in Dodging
  4005 | D:5      | Noticed dvd's ghost (novice GrGl)
  4027 | D:5      | Killed dvd's ghost
  4027 | D:5      | Reached XP level 8. HP: 71/71 MP: 7/7
  4208 | D:5      | Reached skill level 7 in Axes
  4316 | D:5      | Reached ***** piety under Trog
  4522 | D:5      | Found a blossoming altar of Fedhas.
  5182 | D:6      | Received a gift from Trog
  5182 | D:6      | Reached skill level 8 in Axes
  5182 | D:6      | Reached XP level 9. HP: 52/81 MP: 8/8
  6627 | D:7      | Got a jewelled leather armour
  6722 | D:7      | Reached skill level 1 in Bows
  7228 | D:7      | Reached skill level 9 in Axes
  7290 | D:8      | Found an oddly glowing altar of Pakellas.
  7336 | D:8      | Received a gift from Trog
  7430 | D:8      | Noticed Galewind's ghost (novice DECj)
  7440 | D:8      | Killed Galewind's ghost
  7440 | D:8      | Reached XP level 10. HP: 77/90 MP: 9/9
  7799 | D:8      | Found a staircase to the Lair.
  8164 | D:8      | Noticed Gastronok
  8178 | D:8      | Killed Gastronok
  8178 | D:8      | Reached skill level 10 in Axes
  8178 | D:8      | Reached skill level 5 in Bows
  8277 | D:8      | Found a deep blue altar of Sif Muna.
  8446 | Lair:1   | Entered Level 1 of the Lair of Beasts
  8449 | Lair:1   | Noticed an eight-headed hydra
  8459 | Lair:1   | Killed a 13-headed hydra
  9463 | Lair:2   | Noticed a spiny frog
  9474 | Lair:2   | Killed a spiny frog
  9474 | Lair:2   | Reached skill level 11 in Axes
  9474 | Lair:2   | Reached XP level 11. HP: 69/99 MP: 10/10
  9748 | Lair:2   | Received a gift from Trog
  9924 | Lair:2   | Reached skill level 10 in Armour
 10194 | Lair:2   | Reached skill level 10 in Fighting
 10737 | Lair:2   | Reached skill level 12 in Axes
 10915 | Lair:2   | Noticed a queen ant
 10926 | Lair:2   | Killed a queen ant
 11653 | Lair:3   | Identified the +3 leather armour of the Bull {rPois Str+2 Dex-4} (You found it on level 7 of the Dungeon)
 11733 | Lair:3   | Received a gift from Trog
 11740 | Lair:3   | Reached XP level 12. HP: 99/107 MP: 11/11
 11909 | Lair:3   | Reached skill level 10 in Dodging
 12038 | Lair:3   | Found a hole to the Spider Nest.
 12129 | Lair:3   | Noticed a five-headed hydra
 12142 | Lair:3   | Killed an eight-headed hydra
 12142 | Lair:3   | Reached skill level 13 in Axes
 12496 | Lair:4   | Noticed nikopol's ghost (journeyman MiBe)
 12511 | Lair:4   | Killed nikopol's ghost
 12556 | Lair:4   | Noticed a seven-headed hydra
 12567 | Lair:4   | HP: 1/108 [ten-headed hydra (12)]
 12568 | Lair:4   | Mangled by a ten-headed hydra

Skill      XL: |  1  2  3  4  5  6  7  8  9 10 11 12 |
---------------+-------------------------------------+-----
Axes           | 4 5 6 8 9 11 12 13 | 13.2
Armour         | 3 4 5 6 7 9 10 11 | 11.0
Fighting       | 4 5 6 7 8 9 10 | 10.9
Dodging        | 3 4 5 6 7 8 9 10 | 10.2
Bows           | 3 6 8 9 |  9.1

Action                   |  1- 3 |  4- 6 |  7- 9 | 10-12 || total
-------------------------+-------+-------+-------+-------++-------
Melee: Hand axe          |    81 |   168 |   246 |       ||   495
       Headbutt          |    10 |    32 |    57 |    64 ||   163
       War axe           |       |       |    89 |   279 ||   368
 Fire: Shortbow          |       |       |    98 |    46 ||   144
       Longbow           |       |       |     1 |   117 ||   118
Invok: Berserk           |     1 |     3 |     2 |     4 ||    10
       Burn Spellbooks   |       |       |     1 |       ||     1
  Use: Scroll            |       |     7 |     2 |       ||     9
 Stab: Sleeping          |       |     1 |       |       ||     1
  Eat: Chunk             |     1 |    11 |    14 |    16 ||    42
       Pizza             |       |       |       |     2 ||     2
       Fruit             |       |       |       |     1 ||     1
Armor: Animal skin       |    17 |    15 |       |       ||    32
       Scale mail        |       |    39 |    84 |       ||   123
       Ring mail         |       |       |    58 |    63 ||   121
       Leather armour    |       |       |       |    34 ||    34
Dodge: Dodged            |    49 |   108 |   209 |   209 ||   575
